 Dungeon Crawl Stone Soup version 0.30-a0-341-g682706514a (webtiles) character file.

Game seed: 2346018471530045622

103126 Muataran the Severer (level 16, -5/151 HPs)
             Began as a Hill Orc Fighter on Nov 4, 2022.
             Was a High Priest of Beogh.
             Slain by a naga
             ... wielding a +0 scimitar
              (23 damage)
             ... on level 4 of the Snake Pit.
             The game lasted 01:18:09 (29331 turns).

Muataran the Severer (Hill Orc Fighter)            Turns: 29331, Time: 01:18:09

Health: -5/151     AC: 36    Str: 21    XL:     16   Next: 35%
Magic:  19/28      EV:  9    Int: 14    God:    Beogh [*****.]
Gold:   1217       SH:  0    Dex: 10    Spells: 15/15 levels left

rFire   + . .      SeeInvis .    b - +4 battleaxe (vorpal)
rCold   + . .      Faith    +    (shield currently unavailable)
rNeg    . . .      Spirit   .    Z - +6 gold dragon scales
rPois   +          Reflect  .    y - +0 helmet
rElec   .          Harm     .    i - +2 cloak
rCorr   .          Rampage  .    Q - +1 pair of gloves
Will    ++...                    n - +1 pair of boots
Stlth   ..........               N - amulet of faith
HPRegen 0.45/turn                A - +4 ring of evasion
MPRegen 0.21/turn                T - ring of willpower

@: lethally poisoned (-5 -> -7), weakened
A: walk on water
a: Renounce Religion, Smiting, Recall Orcish Followers, Give Item to Named
Follower


You were on level 4 of the Snake Pit.
You worshipped Beogh.
Beogh was extremely pleased with you.
You visited 3 branches of the dungeon, and saw 24 of its levels.

You collected 2695 gold pieces.
You spent 1478 gold pieces at shops.

Inventory:

Hand Weapons
 a - a +1 broad axe
 b - a +4 vorpal battleaxe (weapon)
 e - a +2 halberd
 f - a +3 halberd
 E - a +5 battleaxe
 R - a +1 trident
Missiles
 v - a throwing net (quivered)
Armour
 c - a +0 kite shield
 i - a +2 cloak (worn)
 n - a +1 pair of boots (worn)
 x - a +2 tower shield of cold resistance
 y - a +0 helmet (worn)
 Q - a +1 pair of gloves (worn)
 Z - +6 gold dragon scales (worn)
Jewellery
 A - a +4 ring of evasion (left hand)
 F - a ring of flight
 G - a ring of protection from fire
 N - an amulet of faith (around neck)
 S - a ring of see invisible
 T - a ring of willpower (right hand)
Wands
 g - a wand of mindburst (18)
 h - a wand of paralysis (11)
 t - a wand of roots (16)
 J - a wand of polymorph (4)
 O - a wand of flame (14)
 P - a wand of digging (5)
 U - a wand of quicksilver (4)
Scrolls
 j - a scroll of summoning
 r - 7 scrolls of butterflies
 s - 13 scrolls of identify
 w - 7 scrolls of blinking
 z - a scroll of fear
 D - 15 scrolls of teleportation
 I - 3 scrolls of magic mapping
 W - a scroll of enchant weapon
Potions
 d - 3 potions of might
 k - 4 potions of mutation
 l - 3 potions of lignification
 m - 6 potions of curing
 o - 5 potions of ambrosia
 p - 4 potions of brilliance
 q - 8 potions of heal wounds
 u - a potion of cancellation
 B - 4 potions of flight
 H - 4 potions of invisibility
 L - 3 potions of haste
 X - a potion of magic


   Skills:
 + Level 16.1 Fighting
 - Level 20.1 Axes
 - Level 15.0 Armour
 * Level 9.2 Shields
 + Level 16.6 Invocations
 - Level 14.0 Evocations


You had 15 spell levels left.
You didn't know any spells.
Your spell library contained the following spells:

 Spells                   Type           Power      Damage    Failure   Level
 Beastly Appendage        Tmut           0%         N/A       100%        1
 Kiss of Death            Conj/Necr      0%         2d5       100%        1
 Magic Dart               Conj           0%         1d3       100%        1
 Necrotise                Necr           0%         1d4       100%        1
 Shock                    Conj/Air       0%         1d3       100%        1
 Blink                    Tloc           0%         N/A       100%        2
 Ensorcelled Hibernation  Hex/Ice        0%         N/A       100%        2
 Passwall                 Tmut/Erth      0%         N/A       100%        2
 Scorch                   Fire           0%         2d5       100%        2
 Searing Ray              Conj           0%         2d4       100%        2
 Static Discharge         Conj/Air       0%         2-2/arc   100%        2
 Wereblood                Tmut           0%         N/A       100%        2
 Confusing Touch          Hex            0%         N/A       100%        3
 Hailstorm                Conj/Ice       0%         3d3       100%        3
 Inner Flame              Hex/Fire       0%         N/A       100%        3
 Spider Form              Tmut/Pois      0%         N/A       100%        3
 Swiftness                Air            0%         N/A       100%        3
 Vhi's Electric Charge    Tloc/Air       0%         N/A       100%        3
 Airstrike                Air            0%         2d(0-16)  100%        4
 Animate Dead             Necr           0%         N/A       100%        4
 Dispel Undead            Necr           0%         3d6       100%        4
 Flame Wave               Conj/Fire      0%         2d4       100%        4
 Fulminant Prism          Conj/Hex       0%         3d5       100%        4
 Manifold Assault         Tloc           0%         N/A       100%        4
 Olgreb's Toxic Radiance  Pois           0%         N/A       100%        4
 Sticky Flame             Conj/Fire      0%         2d3       100%        4
 Arcjolt                  Conj/Air       0%         1d10      100%        5
 Borgnjor's Vile Clutch   Necr/Erth      0%         N/A       100%        5
 Lightning Bolt           Conj/Air       0%         1d11      100%        5
 Death Channel            Necr           0%         N/A       100%        6
 Summon Cactus Giant      Summ           0%         N/A       100%        6
 Ozocubu's Refrigeration  Ice            0%         4d7       100%        7
 Spellforged Servitor     Conj/Summ      0%         N/A       100%        7
 Storm Form               Tmut/Air       0%         N/A       100%        7
 Borgnjor's Revivificati  Necr           0%         N/A       100%        8
 Ignition                 Fire           0%         3d3       100%        8
 Necromutation            Tmut/Necr      0%         N/A       100%        8
 Death's Door             Necr           0%         N/A       100%        9
 Fire Storm               Conj/Fire      0%         5d1       100%        9


Dungeon Overview and Level Annotations

Branches:
Dungeon (15/15)            Temple (0/1) D:7            Lair (5/5) D:10
  Swamp (0/4) Lair:3        Snake (4/4) Lair:3        Slime (0/5) Lair:5
    Orc (0/2) D:11         Vaults (0/5) D:13         Depths (0/4) D:15

Altars:
Dithmenos
Fedhas
Gozag
Sif Muna
Trog
Vehumet
Wu Jian
Xom
Zin
The Shining One

Shops:
D:5 *   D:6 (   D:9 !   D:15 !   Snake:1 !=:=*   Snake:2 :==:   Snake:3 :

Annotations:
D:3 3 runed translucent doors, DeathPants's ghost, weakling MiMo
D:7 2 transporters, koil's ghost, novice OgCA
D:12 2 transporters, Iich's ghost, journeyman MiBe


Message History

Beogh accepts your kill.
The naga warrior blocks Margrim's attack.
The naga warrior blocks Warbeogh's attack.
You hit the naga warrior.
The naga warrior is heavily wounded.
You hit the naga.
The naga warrior hits you but does no damage.
The naga warrior constricts you.
You hit the naga warrior.
The naga warrior is heavily wounded.
You hit the naga but do no damage.
A guardian serpent comes into view.
The naga warrior blocks Margrim's attack.
Warbeogh closely misses the naga warrior.
The naga warrior hits you with a +0 trident.
* * * LOW HITPOINT WARNING * * *
The naga warrior constricts you.
* * * LOW HITPOINT WARNING * * *
The naga spits poison at you.
The splash of poison hits you but does no damage.
You are poisoned.
You resist.
The guardian serpent shouts!
You slash the naga warrior!
The naga warrior is severely wounded.
You hit the naga.
You feel sick.
The salamander no longer looks unusually strong.
Warbeogh hits the naga warrior from afar with a +1 glaive!
The salamander hits you from afar with a +0 halberd!
* * * LOW HITPOINT WARNING * * *
You are engulfed in flames!
You resist.
* * * LOW HITPOINT WARNING * * *
Aiming: Smiting
Press: ? - help, Dir - move target, f - naga warrior Smite: a naga warrior, wielding a +0 trident and wearing a +0 tower shield of cold resistance (severely wounded, constricting you, catching its breath, ally target)
You smite the naga warrior!!
You kill the naga warrior!
Beogh accepts your kill.
You feel sick. The naga hits you with a +0 scimitar!!
You die...

#......# . .. #...)..#
?. ###o#### .# #.# .#
#. #.# ###.# ...
###.#####...# ##..#
#.....##.))###...#
##..#.....†o)NN#
.........)##oo@).#
....##........#.#...S..
.##.............# .....
####.#......#.# .⌠..
#...........# ...
#...#######.. .⌠ #)#.
...# . ...


You could see a salamander, a guardian serpent, a naga (strong, catching breath,
ally target), the friendly Warbeogh the orc warlord (strong), the friendly
Margrim the orc knight (strong) and the friendly Oreg the orc knight (strong).

Vanquished Creatures
  Rupert (Lair:4)
  Agnes (Snake:4)
  A tengu reaver (D:14)
  A nagaraja (Snake:3)
  Louise (D:15)
  Nessos (D:15)
  2 salamander tyrants
  7 vault guards (D:13)
  A rakshasa (D:14)
  Fannar (D:12)
  4 hydras
  Erica (Lair:1)
  3 boulder beetles
  3 anacondas
  4 catoblepae
  2 two-headed ogres
  4 centaur warriors
  4 death yaks (Lair:5)
  7 naga warriors
  3 tengu warriors
  2 naga sharpshooters
  A salamander mystic (Snake:2)
  A skeletal warrior (D:14)
  A deep troll (shapeshifter) (D:14)
  A naga ritualist (Snake:3)
  A wizard (D:14)
  A deep elf pyromancer (D:15)
  A mana viper (Snake:2)
  2 oklob plants (D:10)
  4 manticores
  3 cyclopes
  7 ugly things
  7 elephants
  A moth of wrath (shapeshifter) (D:14)
  5 salamanders
  Joseph (Lair:1)
  Maurice (D:10)
  5 naga magi
  2 guardian serpents
  2 gargoyles
  15 black mambas
  A molten gargoyle (D:14)
  12 cane toads
  An unseen horror (D:13)
  A rime drake (Lair:5)
  A komodo dragon (shapeshifter) (D:14)
  3 yaktaurs (D:15)
  3 kobold demonologists
  An efreet (D:13)
  6 komodo dragons
  A troll (D:8)
  A polar bear (Lair:1)
  5 blink frogs (Lair:3)
  7 slime creatures
  35 yaks
  2 wraiths
  2 shadows
  3 wyverns
  3 steam dragons
  5 basilisks
  15 vampire mosquitoes
  20 nagas
  An acid dragon (D:11)
  11 water moccasins
  A sky beast (D:8)
  Duvessa (D:6)
  2 orc warriors
  2 black bears
  12 wolves
  9 boggarts
  2 ogres
  8 centaurs
  4 kobold brigands
  A phantom (D:5)
  9 bullfrogs
  4 scorpions
  A hornet simulacrum (D:14)
  6 wights
  Dowan (D:6)
  8 killer bees
  6 howler monkeys
  3 lava snakes (Lair:4)
  2 hounds (D:5)
  2 jellies
  4 orc priests (D:5)
  3 gnoll boudas
  Ijyb (D:4)
  4 iguanas
  2 orc wizards
  17 gnolls
  11 adders
  A shadow imp (D:5)
  3 white imps
  2 worms
  A dart slug (D:2)
  27 orcs
  4 endoplasms
  6 giant cockroaches
  14 goblins
  9 hobgoblins
  4 jackals (D:1)
  33 kobolds
  5 quokkas
  10 ball pythons
  3 frilled lizards
  6 rats
510 creatures vanquished.

Vanquished Creatures (collateral kills)
  A stone giant (D:15)
  A fire dragon (D:14)
  A deep elf high priest (D:14)
  2 hydras (Lair:5)
  A catoblepas (Lair:5)
  A centaur warrior (D:14)
  6 anacondas
  5 naga warriors
  A tengu warrior (D:15)
  2 naga sharpshooters
  Sonja (Lair:4)
  5 naga ritualists
  2 skeletal warriors (D:14)
  2 lindwurms (Lair:3)
  3 mana vipers
  2 cyclopes
  10 salamanders
  4 ugly things
  4 elephants
  2 guardian serpents
  7 naga magi
  2 molten gargoyles (Lair:4)
  3 cane toads
  7 black mambas
  2 komodo dragons
  A yaktaur (D:15)
  2 efreet (D:14)
  A wind drake (shapeshifter) (D:15)
  A polar bear (Lair:5)
  A hornet (Lair:3)
  A slime creature (D:14)
  10 yaks
  A basilisk (Lair:5)
  15 nagas
  5 water moccasins
  An orc warrior (D:15)
  A black bear (Lair:3)
  A centaur (D:15)
  3 wolves (Lair:5)
  A bullfrog (Lair:3)
  2 lava snakes (Lair:4)
  A hound (shapeshifter) (D:14)
  An orc wizard (D:11)
  3 orcs
129 creatures vanquished.

Vanquished Creatures (others)
  A salamander tyrant (Snake:2)
  4 orc wizards
  2 orc warriors (D:14)
  An orc priest (D:11)
  3 orcs
  An endoplasm (D:4)
  A goblin (D:4)
  2 bushes
  23 fungi
  74 plants
112 creatures vanquished.

Grand Total: 751 creatures vanquished

Notes
Turn   | Place    | Note
-------+----------+-------------------------------------------
     0 | D:1      | Muataran the Hill Orc Fighter began the quest for the Orb.
     0 | D:1      | Reached XP level 1. HP: 19/19 MP: 1/1
   121 | D:1      | Reached skill level 3 in Axes
   166 | D:1      | Reached XP level 2. HP: 27/27 MP: 2/2
   793 | D:1      | Reached XP level 3. HP: 24/33 MP: 3/3
  1249 | D:2      | Reached skill level 4 in Axes
  1254 | D:2      | Reached XP level 4. HP: 38/40 MP: 4/4
  1548 | D:3      | Found a faded altar of an unknown god.
  1576 | D:3      | Found a runed translucent gate.
  1576 | D:3      | Found a runed translucent gate.
  1576 | D:3      | Found a runed translucent gate.
  1577 | D:3      | Found an opulent altar of Gozag.
  1582 | D:3      | Noticed DeathPants's ghost (weakling MiMo)
  1584 | D:3      | Noticed a black bear
  1920 | D:3      | Reached XP level 5. HP: 44/47 MP: 5/5
  1999 | D:4      | Identified a scroll of acquirement
  1999 | D:4      | Acquired 830 gold pieces
  2120 | D:4      | Identified the +8 flail "Askyploa" {vamp, *Rage Int+2 SInv}
  2135 | D:4      | Became a worshipper of Beogh the Brigand
  2766 | D:4      | Found a bloodstained altar of Trog.
  3161 | D:4      | Reached skill level 5 in Axes
  3172 | D:4      | Found the +3 salamander hide armour {Flames rF++ rC--}
  3177 | D:4      | Noticed Ijyb
  3192 | D:4      | Killed Ijyb
  3193 | D:4      | Reached skill level 1 in Invocations
  3194 | D:4      | Reached XP level 6. HP: 54/55 MP: 6/6
  3285 | D:4      | Found a shimmering blue altar of Sif Muna.
  3365 | D:5      | Entered Level 5 of the Dungeon
  3422 | D:5      | Reached skill level 5 in Fighting
  3532 | D:5      | Reached * piety under Beogh
  3533 | D:5      | Reached skill level 6 in Axes
  3533 | D:5      | Reached XP level 7. HP: 34/61 MP: 8/8
  4263 | D:5      | Reached skill level 5 in Evocations
  4352 | D:5      | Found a glowing golden altar of the Shining One.
  4462 | D:5      | Reached XP level 8. HP: 20/70 MP: 10/10
  4713 | D:5      | Found Weune's General Store.
  4722 | D:5      | Bought a scroll of identify for 28 gold pieces
  5090 | D:6      | Reached skill level 7 in Axes
  5449 | D:6      | Noticed Duvessa
  5449 | D:6      | Noticed Dowan
  5450 | D:6      | Killed Duvessa
  5451 | D:6      | Reached skill level 5 in Invocations
  5451 | D:6      | Killed Dowan
  5511 | D:6      | Reached skill level 8 in Axes
  5781 | D:6      | Found Qiffeana's Weapon Boutique.
  6189 | D:7      | Found a transporter.
  6189 | D:7      | Found a transporter.
  6198 | D:7      | Noticed koil's ghost (novice OgCA)
  6209 | D:7      | Found a staircase to the Ecumenical Temple.
  6225 | D:7      | Reached XP level 9. HP: 70/79 MP: 13/13
  7153 | D:7      | Found a glowing silver altar of Zin.
  7248 | D:7      | Noticed a brown ugly thing
  7527 | D:8      | Noticed a troll
  7538 | D:8      | Killed a troll
  7539 | D:8      | Reached skill level 9 in Axes
  7613 | D:8      | Found a blossoming altar of Fedhas.
  7639 | D:8      | Reached ** piety under Beogh
  7777 | D:8      | Noticed a two-headed ogre
  7782 | D:8      | Killed a two-headed ogre
  7783 | D:8      | Reached skill level 10 in Axes
  7783 | D:8      | Reached XP level 10. HP: 64/91 MP: 14/16
  7918 | D:8      | Found a radiant altar of Vehumet.
  7936 | D:8      | Found a shimmering altar of Xom.
  7963 | D:8      | Found a shadowy altar of Dithmenos.
  8079 | D:8      | Found an opulent altar of Gozag.
  9070 | D:9      | Found Wodeug's Distillery.
  9688 | D:10     | Entered Level 10 of the Dungeon
  9690 | D:10     | Acquired a manual of Armour
  9833 | D:10     | Found a staircase to the Lair.
  9833 | D:10     | Noticed an oklob plant
  9905 | D:10     | Reached skill level 11 in Axes
  9934 | D:10     | Noticed Maurice
  9949 | D:10     | Killed Maurice
  9950 | D:10     | Reached skill level 5 in Armour
 10099 | D:10     | Noticed an oklob plant
 10138 | D:10     | Reached skill level 10 in Fighting
 10583 | D:10     | Found an ornate altar of the Wu Jian Council.
 11012 | D:11     | Noticed a cyclops
 11020 | D:11     | Killed a cyclops
 11089 | D:11     | Reached skill level 12 in Axes
 11089 | D:11     | Reached skill level 10 in Invocations
 11258 | D:11     | Noticed a gargoyle
 11269 | D:11     | Killed a gargoyle
 11270 | D:11     | Reached XP level 11. HP: 101/101 MP: 18/18
 11610 | D:11     | Reached *** piety under Beogh
 11789 | D:11     | Found a staircase to the Orcish Mines.
 12078 | D:11     | Noticed a green ugly thing
 12078 | D:11     | Noticed a tengu warrior
 12090 | D:11     | Killed a tengu warrior
 12091 | D:11     | Reached skill level 13 in Axes
 12093 | D:11     | Killed a green ugly thing
 12259 | D:11     | Noticed a boulder beetle
 12270 | D:11     | Killed a boulder beetle
 12456 | D:11     | Noticed a centaur warrior
 12467 | D:11     | Killed a centaur warrior
 13208 | D:12     | Noticed a skeletal warrior
 13210 | D:12     | Noticed a death knight
 13230 | D:12     | Identified the +0 plate armour of Beyond {rN+ Regen+}
 13283 | D:12     | Found a transporter.
 13285 | D:12     | Noticed a flayed ghost
 13288 | D:12     | Noticed Iich's ghost (journeyman MiBe)
 13288 | D:12     | Noticed a death knight
 13288 | D:12     | Noticed a necromancer
 13289 | D:12     | Found a transporter.
 13350 | D:12     | Noticed a boulder beetle
 13363 | D:12     | Killed a boulder beetle
 13364 | D:12     | Reached skill level 14 in Axes
 13554 | D:12     | Noticed a manticore
 13566 | D:12     | Killed a manticore
 13612 | D:12     | Noticed Fannar
 13623 | D:12     | Killed Fannar
 13811 | D:13     | Noticed a red ugly thing
 13825 | D:13     | Killed a red ugly thing
 13826 | D:13     | Reached XP level 12. HP: 45/110 MP: 20/20
 14432 | D:13     | Reached skill level 10 in Armour
 14506 | D:13     | Noticed a vault guard
 14506 | D:13     | Noticed a vault guard
 14506 | D:13     | Noticed a vault guard
 14506 | D:13     | Noticed a vault guard
 14672 | D:10     | Reached skill level 15 in Axes
 14682 | Lair:1   | Entered Level 1 of the Lair of Beasts
 15068 | Lair:1   | You fall into a shaft and drop 1 floor!
 15141 | Lair:2   | Got the Papyrus of Bewitching Darkness
 15991 | Lair:1   | Noticed Erica
 16021 | Lair:1   | Killed Erica
 16022 | Lair:1   | Reached skill level 10 in Evocations
 16267 | Lair:1   | Reached skill level 16 in Axes
 16278 | Lair:1   | Reached XP level 13. HP: 117/119 MP: 22/22
 16371 | Lair:1   | Noticed Joseph
 16384 | Lair:1   | Killed Joseph
 16415 | Lair:1   | Gained Horkud as an ally
 16871 | Lair:3   | Found a staircase to the Snake Pit.
 17053 | Lair:3   | Reached **** piety under Beogh
 17348 | Lair:3   | Reached skill level 17 in Axes
 17351 | Lair:3   | Found a staircase to the Swamp.
 18108 | Lair:4   | Noticed Sonja
 18115 | Lair:4   | Killed Sonja
 18151 | Lair:4   | Noticed Rupert
 18160 | Lair:4   | Killed Rupert
 18429 | Lair:4   | Gained Warbeogh as an ally
 18911 | Lair:5   | Entered Level 5 of the Lair of Beasts
 18996 | Lair:5   | Reached XP level 14. HP: 122/129 MP: 24/24
 19084 | Lair:5   | Reached skill level 18 in Axes
 19555 | Lair:5   | Reached ***** piety under Beogh
 20044 | Lair:5   | Found a staircase to the Slime Pits.
 21084 | D:13     | Found a gate to the Vaults.
 21218 | D:14     | Reached skill level 19 in Axes
 21672 | D:14     | Reached XP level 15. HP: 103/139 MP: 26/26
 21797 | D:14     | Noticed a tengu reaver
 21805 | D:14     | Killed a tengu reaver
 21944 | D:14     | Reached skill level 15 in Invocations
 22031 | D:14     | Your ally Horkud died
 22123 | D:14     | Got the Compilation of Battle Magic
 22137 | D:14     | Identified the ring of Vues {*Corrode rC+ Slay+5}
 22352 | D:15     | Entered Level 15 of the Dungeon
 22352 | D:15     | Found Orohuoq's Distillery.
 22357 | D:15     | Bought a potion of heal wounds for 60 gold pieces
 22357 | D:15     | Bought a potion of heal wounds for 60 gold pieces
 22484 | D:15     | Noticed Louise
 22497 | D:15     | Killed Louise
 22790 | D:15     | Found a staircase to the Depths.
 22854 | D:15     | Reached skill level 20 in Axes
 22953 | D:15     | Found an opulent altar of Gozag.
 23134 | D:15     | Noticed Nessos
 23141 | D:15     | Killed Nessos
 23431 | Snake:1  | Entered Level 1 of the Snake Pit
 23650 | Snake:1  | Found Zuekhliudgh's General Store.
 23967 | Snake:1  | Found Abeisisy's Jewellery Boutique.
 23967 | Snake:1  | Found Viparr's Distillery.
 23968 | Snake:1  | Found Wolos's Book Boutique.
 23972 | Snake:1  | Found Pecoxere's Jewellery Shop.
 24232 | Snake:1  | Bought +0 gold dragon scales for 880 gold pieces
 24733 | Snake:1  | Reached skill level 15 in Fighting
 25276 | Snake:2  | Reached skill level 5 in Shields
 25532 | Snake:2  | Gained Oreg as an ally
 25533 | Snake:2  | Reached skill level 15 in Armour
 25756 | Snake:2  | Found Eguo's Book Emporium.
 25967 | Snake:2  | Found Jimypt's Book Boutique.
 25967 | Snake:2  | Found Yleakh's Jewellery Emporium.
 25969 | Snake:2  | Found Qaig's Jewellery Emporium.
 26037 | Snake:1  | Bought a ring of willpower for 450 gold pieces
 27921 | Snake:3  | Reached XP level 16. HP: 108/149 MP: 28/28
 28160 | Snake:3  | Noticed a nagaraja
 28165 | Snake:3  | Killed a nagaraja
 28411 | Snake:3  | Gained Margrim as an ally
 28644 | Snake:3  | Found Vuuwafua's Book Boutique.
 29073 | Snake:4  | Entered Level 4 of the Snake Pit
 29311 | Snake:4  | Noticed Agnes
 29317 | Snake:4  | Killed Agnes
 29331 | Snake:4  | Slain by a naga

Illustrated notes

Levels and vault maps discovered:
D:1:      erik_arrival_cave_to_civilisation [erik_arrival_cave_to_hall],
          layout_loops_ring, hangedman_abyss_or_decor_stabs, moated_statue
D:2:      kennysheep_the_goblin_king, layout_loops_ring
D:3:      layout_basic, ebering_ghost_gozag, chequers_ecumenical_altar_twisty,
          kennysheep_generic_room_12
D:4:      layout_basic, general_overflow_altar, lemuel_round_altar,
          minmay_joined_circles, uniq_ijyb
D:5:      layout_basic, overflow_temple_1_default, serial_shops,
          kennysheep_little_box
D:6:      layout_cave_pools, serial_column_ruins, column_ruins_hut_ruined,
          column_ruins_circle_small, column_ruins_grid_1,
          column_ruins_open_tiny_water, column_ruins_columns_corner,
          column_ruins_columns_straight, column_ruins_columns_water,
          serial_shops, nicolae_shop_bloodbath_and_beyond,
          chequers_serial_rivers_small_b,
          nicolae_concentric_dashed_squares_wild, skrybe_limestone_x,
          uniq_duvessa
D:7:      layout_loops_ring, kennysheep_mini, minmay_temple_entry_ruins,
          nzn_ghost_randoct, dreamdust_mushroom_princess
D:8:      layout_gridville, nicolae_dithmenos_the_darkroom, old_standard_altar,
          mainiacjoe_overflow_catwalk, nicolae_vehumet_altar_sigil,
          lemuel_crystal_altar, hangedman_abyss_or_decor_jellyfish_corner,
          kb_lookout_dungeons_type, item_on_display_a
D:9:      layout_stronghold, serial_shops, shop, roderic_lattice_a
D:10:     layout_small_grid, mainiacjoe_overflow_small_starburst,
          dpeg_oklobed_lair, uniq_maurice
D:11:     layout_loops_corners, hiddenorc1_lemuel
D:12:     layout_basic, gammafunk_ghost_mausoleum, uniq_fannar
D:13:     layout_basic, erik_vaults_2
D:14:     minmay_octo_star, layout_rooms, nicolae_lava_and_water
D:15:     grunt_enter_depths_snipers, layout_rooms, serial_shops,
          shop_fountains, grunt_gozag_breadcrumbs, dk_noncrumbling_4,
          uniq_louise, uniq_nessos
Lair:1:   layout_cave_pods, beast_lair_carwin_6, grunt_megastairs_1, uniq_erica,
          uniq_joseph
Lair:2:   layout_cave_pods
Lair:3:   cheibrodos_lair_overgrown_chateau, layout_loops_ring, swamp_mist,
          guppyfry_snake_entry_garden
Lair:4:   cheibrodos_magma_flow, layout_regular_city, serial_bayou_shore_b,
          uniq_sonja, uniq_rupert
Lair:5:   evilmike_catoblepas_cave, layout_cave_pods, slime_entry_1
Snake:1:  layout_onion, serial_shops, nicolae_shop_window_shopping,
          nicolae_snake_single_loop, minmay_shoptagon
Snake:2:  layout_onion, nicolae_stop_n_shop_1, minmay_shop_grove
Snake:3:  layout_grid_shapes, serial_shops, shop_statue
Snake:4:  johnstein_snake_rune_scales, layout_rooms, basic_altar,
          lemuel_altar_in_water2, grunt_ministairs_9, serial_bayou_shore_b,
          uniq_agnes, uniq_aizul, uniq_vashnia

Skill      XL: |  1  2  3  4  5  6  7  8  9 10 11 12 13 14 15 16 |
---------------+-------------------------------------------------+-----
Axes           | 3 4 5 6 8 10 12 14 16 17 19 20 | 20.1
Fighting       | 4 5 6 7 9 10 11 12 13 14 15 16 | 16.1
Armour         | 4 6 9 11 13 14 15 | 15.0
Shields        | 4 7 9 |  9.2
Invocations    | 1 2 3 5 8 10 11 12 13 14 16 | 16.6
Evocations     | 3 5 7 8 10 11 13 14 | 14.0

Action                   |  1- 3 |  4- 6 |  7- 9 | 10-12 | 13-15 | 16-18 || total
-------------------------+-------+-------+-------+-------+-------+-------++-------
Melee: War axe           |    99 |   192 |   370 |    45 |    80 |       ||   786
       Battleaxe         |       |       |       |   490 |   627 |    73 ||  1190
       Punch             |       |       |       |       |     1 |       ||     1
Invok: Convert to Beogh  |       |     1 |       |       |       |       ||     1
       Smiting           |       |       |       |    10 |    19 |     9 ||    38
       Give Item to Name |       |       |       |       |     2 |     1 ||     3
       Recall Orcish Fol |       |       |       |       |     2 |       ||     2
       Stop Recall       |       |       |       |       |     1 |       ||     1
Evoke: Wand              |       |     8 |    10 |     9 |     3 |       ||    30
  Use: Scroll            |       |    11 |     9 |     9 |     7 |     1 ||    37
       Potion            |       |       |     3 |     3 |     3 |     1 ||    10
 Stab: Paralysed         |       |       |       |     5 |     2 |       ||     7
       Distracted        |       |       |       |       |     5 |     6 ||    11
       Confused          |       |       |       |       |     1 |       ||     1
       Petrified         |       |       |       |       |     3 |       ||     3
       Petrifying        |       |       |       |       |     1 |       ||     1
Armor: Scale mail        |    33 |       |       |       |       |       ||    33
       Chain mail        |    22 |    74 |       |       |       |       ||    96
       Plate armour      |       |    45 |   298 |   403 |   372 |       ||  1118
       Gold dragon scale |       |       |       |       |   235 |    92 ||   327
Dodge: Dodged            |    47 |    56 |    97 |   193 |   413 |    50 ||   856
Block: Buckler           |    13 |    35 |    91 |    10 |       |       ||   149

Table legend: (Time is in decaauts)
 A = Elapsed time spent in this place.
 B = Non-inter-level travel time spent in this place.
 C = Inter-level travel time spent in this place.
 D = Time resting spent in this place.
 E = Time spent auto-exploring this place.
 F = Levels seen in this place.
 G = Mean time per level.
                   A        B        C        D        E       F      G
               +--------+--------+--------+--------+--------+-----+--------+
         Total |  29425 |  27668 |   1757 |   6183 |  16731 |  24 | 1226.0 |
       Dungeon |  17582 |  16572 |   1010 |   2964 |  10731 |  15 | 1172.1 |
          Lair |   6031 |   5523 |    508 |    468 |   3983 |   5 | 1206.2 |
     Snake Pit |   5811 |   5572 |    239 |   2751 |   2016 |   4 | 1452.8 |
               +--------+--------+--------+--------+--------+-----+--------+

Top non-repeatable levels by time:
 Snake:2: 2748 daAuts
    D:11: 2089 daAuts
     D:5: 1732 daAuts
 Snake:1: 1560 daAuts
  Lair:5: 1504 daAuts
 Snake:3: 1455 daAuts
    D:10: 1433 daAuts
    D:13: 1372 daAuts
  Lair:1: 1293 daAuts
     D:9: 1283 daAuts
  Lair:3: 1239 daAuts
     D:8: 1232 daAuts
     D:7: 1211 daAuts
     D:1: 1134 daAuts
     D:6: 1123 daAuts
